 Dungeon Crawl Stone Soup version 0.28.0-45-g0d030f2227 (webtiles) character file.

Game seed: 13621400136967568017

35420 mcbry74 the Brawler (level 13, -7/165 HPs)
             Began as a Troll Berserker on May 4, 2022.
             Was a High Priest of Trog.
             Mangled by Rupert
             ... wielding a +2 antimagic battleaxe
              (21 damage)
             ... on level 5 of the Lair of Beasts.
             The game lasted 01:16:16 (15580 turns).

mcbry74 the Brawler (Troll Berserker)              Turns: 15580, Time: 01:16:16

Health: -7/165     AC:  9    Str: 36    XL:     13   Next: 47%
Magic:  0/12       EV: 11    Int:  5    God:    Trog [*****.]
Gold:   1028       SH:  0    Dex:  9    Spells: 12/12 levels left

rFire   + . .      SeeInvis .     - Unarmed
rCold   . . .      Faith    .   (no shield)
rNeg    . . .      Spirit   .   X - +0 troll leather armour
rPois   .          Reflect  .   (helmet restricted)
rElec   .          Harm     .   Q - +1 cloak {Will+}
rCorr   .          Rampage  .   (gloves unavailable)
Will    +....                   (boots unavailable)
Stlth   ..........              (no amulet)
HPRegen 1.97/turn               k - +6 ring of strength
MPRegen 0.13/turn               F - ring of protection from fire

@: berserking, studying Unarmed Combat, very quick
A: large, unfitting armour, claws 3, regeneration 1, shaggy fur 1, tough skin 1
a: Renounce Religion, Berserk, Trog's Hand, Brothers in Arms


You were on level 5 of the Lair of Beasts.
You worshipped Trog.
Trog was extremely pleased with you.
You visited 2 branches of the dungeon, and saw 16 of its levels.

You collected 1028 gold pieces.

Inventory:

Hand Weapons
 f - the +8 great mace of Disembowelment {vorpal, rPois Str+4}
   (Trog gifted it to you on level 1 of the Lair of Beasts)

   It inflicts extra damage upon your enemies.
   Str:       It affects your strength (+4).
   rPois:     It protects you from poison.
 s - a +5 antimagic morningstar
 H - the +9 morningstar of Riun {vorpal, Dex+2}
   (Trog gifted it to you on level 9 of the Dungeon)

   It inflicts extra damage upon your enemies.
   Dex:       It affects your dexterity (+2).
Missiles
 c - 273 stones (quivered)
 g - 5 javelins
 u - 7 poisoned darts
 C - 3 boomerangs
Armour
 Q - a +1 cloak of willpower (worn)
 S - +1 acid dragon scales
 X - a +0 troll leather armour (worn)
Jewellery
 k - a +6 ring of strength (left claw)
 p - a +4 ring of evasion
 F - a ring of protection from fire (right claw)
 N - a ring of ice
Wands
 e - a wand of polymorph (4)
 h - a wand of mindburst (29)
 n - a wand of flame (2)
 w - a wand of acid (9)
 A - a wand of iceblast (7)
 W - a wand of paralysis (2)
Scrolls
 a - a scroll of brand weapon {unknown}
 i - 3 scrolls of magic mapping
 m - 3 scrolls of enchant weapon
 o - a scroll of fear
 t - a scroll of identify
 U - 5 scrolls of vulnerability
 V - a scroll of fog
Potions
 b - 4 potions of flight
 d - a potion of invisibility
 j - a potion of attraction
 l - 8 potions of curing
 q - 6 potions of cancellation
 r - 2 potions of berserk rage
 v - a potion of mutation
 x - a potion of haste
 z - 3 potions of lignification
 B - 2 potions of heal wounds
 K - a potion of experience {unknown}
 O - a potion of degeneration {unknown}
 Y - a potion of ambrosia {unknown}
 Z - 2 potions of resistance
Miscellaneous
 M - a box of beasts


   Skills:
 - Level 2.4 Fighting
 * Level 9.6 Maces & Flails
 + Level 8.8 Throwing
 + Level 4.9 Armour
 + Level 5.7 Dodging
 - Level 1.0 Stealth
 + Level 16.8 Unarmed Combat
 + Level 6.6 Evocations


You had 12 spell levels left.
You didn't know any spells.
Your spell library was empty.

Dungeon Overview and Level Annotations

Branches:
Dungeon (11/15)            Temple (0/1) D:7            Lair (5/6) D:8
 Shoals (0/4) Lair:2       Spider (0/4) Lair:3        Slime (0/5) Lair:5
    Orc (0/2) D:11

Altars:
Ashenzari
Dithmenos
Gozag
Hepliaklqana
Kikubaaqudgha
Makhleb
Okawaru
Ru
Sif Muna
Uskayaw
Vehumet
Xom
Yredelemnul
Zin
Beogh

Shops:
D:5 [   D:6 [

Annotations:
Lair:5 Rupert


Innate Abilities, Weirdness & Mutations

You are too large for most types of armour.
You have claws for hands.
Your natural rate of healing is unusually fast.
You are covered in fur. (AC +1)
You have tough skin. (AC +1)


Message History

The lindwurm is heavily wounded.
The lindwurm breathes flames at you. The blast of flame hits you! You resist.
You hear a shout!
You mangle the lindwurm!!
You kill the lindwurm!
Trog accepts your kill.
You start resting.
Rupert the Wild comes into view.
He is wielding a +2 antimagic battleaxe.
A red film seems to cover your vision as you go berserk!
You feel yourself moving faster!
You feel mighty!
Rupert roars madly and goes into a rage!
Rupert goes berserk!
You completely miss Rupert. You mangle Rupert!!
Rupert is lightly wounded.
Rupert hits you with a +2 antimagic battleaxe!!!
You feel your power leaking away.
You claw Rupert!
Rupert is moderately wounded.
Rupert hits you with a +2 antimagic battleaxe!!
You eviscerate Rupert!!!
Rupert is heavily wounded.
You closely miss Rupert.
Rupert is heavily wounded.
Rupert misses you.
You barely miss Rupert.
Rupert is heavily wounded.
Rupert hits you with a +2 antimagic battleaxe!!!
* * * LOW HITPOINT WARNING * * *
You scratch Rupert but do no damage. Your claw misses Rupert.
Rupert is heavily wounded.
You claw Rupert! You claw Rupert!!
Rupert is severely wounded.
Rupert hits you with a +2 antimagic battleaxe.
* * * LOW HITPOINT WARNING * * *
You closely miss Rupert. Your claw misses Rupert.
Rupert is severely wounded.
Rupert hits you with a +2 antimagic battleaxe!!
You die...

.####.......#...P. ##..#.....
..##......J.#..#PP
..#......... ........#......#
................
...............#
...........#..†
...............#
..##k.........†
..P.....P...<..#
.....###....#..
#####.....>....##
......##....##. #
#...........##......#....###.
###
#...........@#...#..........†
.P#
#...........#@.........>.....
.##
...........###..#............
.# ##..P.......#...#
.###....##. ####
#..............#..# #...# #.
.#.###.........P.#..P..# ....
#. ..#.#...P......).#......
... ...
........................ ..
... ##..##...#..###.#...##..
#P#


You could see Rupert (berserk) and a slime creature.

Vanquished Creatures
  A minotaur (Lair:3)
  2 hydras
  A boulder beetle (D:11)
  3 two-headed ogres
  2 catoblepae
  An orc knight (D:11)
  A lindwurm (Lair:5)
  A manticore (Lair:2)
  5 black mambas
  8 elephants
  Maurice (D:9)
  Maggie (D:9)
  An unseen horror (D:11)
  7 cane toads
  6 komodo dragons
  Psyche (D:9)
  2 trolls
  A polar bear (Lair:5)
  A wind drake (Lair:2)
  6 blink frogs (Lair:2)
  Sigmund (D:4)
  3 wyverns
  43 yaks
  5 basilisks
  A wraith (D:9)
  4 redbacks (Lair:3)
  2 steam dragons
  Menkaure (D:5)
  14 water moccasins
  An acid dragon (D:8)
  Duvessa (D:4)
  8 orc warriors
  4 black bears
  An ice beast (D:6)
  A hornet zombie (D:5)
  A necrophage (D:5)
  22 wolves
  3 sky beasts
  2 ogres
  3 centaurs
  Blork the orc (D:4)
  10 bullfrogs
  A gnoll sergeant (D:11)
  A wyvern zombie (D:7)
  A water moccasin zombie (D:6)
  Dowan (D:4)
  6 killer bees (D:9)
  9 wights
  An electric eel (D:8)
  5 centaur zombies
  3 jellies
  4 orc priests
  2 centaur skeletons
  7 hounds
  Ijyb (D:4)
  Terence (D:3)
  5 iguanas
  12 orc wizards
  7 hell rats (Lair:1)
  2 killer bee zombies (D:8)
  A howler monkey zombie (D:9)
  12 gnolls
  3 adders
  A shadow imp (D:4)
  A white imp (D:5)
  4 ufetubi
  An adder skeleton (D:5)
  2 dart slugs
  39 orcs
  3 ball pythons
  9 endoplasms
  3 giant cockroaches
  7 goblins
  11 hobgoblins
  2 jackals (D:3)
  4 kobolds
  7 quokkas
  6 bats
  2 frilled lizards (D:2)
  12 rats
383 creatures vanquished.

Vanquished Creatures (collateral kills)
  2 yaks (D:11)
  An orc warrior (D:11)
  An orc priest (D:11)
  15 orcs (D:11)
19 creatures vanquished.

Vanquished Creatures (others)
  A jelly (Lair:5)
  36 fungi
  27 plants
  8 withered plants (D:11)
72 creatures vanquished.

Grand Total: 474 creatures vanquished

Notes
Turn   | Place    | Note
-------+----------+-------------------------------------------
     0 | D:1      | mcbry74 the Troll Berserker began the quest for the Orb.
     0 | D:1      | Reached XP level 1. HP: 22/22 MP: 0/0
    63 | D:1      | Found a faded altar of an unknown god.
   127 | D:1      | Reached XP level 2. HP: 29/29 MP: 1/1
   421 | D:1      | Reached skill level 4 in Unarmed Combat
   538 | D:1      | Reached ** piety under Trog
   778 | D:1      | Reached XP level 3. HP: 36/36 MP: 2/2
  1070 | D:2      | Found a sacrificial altar of Ru.
  1103 | D:2      | Reached XP level 4. HP: 26/44 MP: 3/3
  1104 | D:2      | Reached skill level 5 in Unarmed Combat
  1606 | D:3      | Found a shimmering blue altar of Sif Muna.
  1634 | D:3      | Found a burning altar of Makhleb.
  1864 | D:3      | Reached XP level 5. HP: 40/50 MP: 4/4
  1884 | D:3      | Reached *** piety under Trog
  2027 | D:3      | Noticed Terence
  2038 | D:3      | Killed Terence
  2039 | D:3      | Reached skill level 6 in Unarmed Combat
  2195 | D:4      | Noticed Ijyb
  2212 | D:4      | Killed Ijyb
  2246 | D:4      | Reached XP level 6. HP: 43/59 MP: 5/5
  2289 | D:4      | Noticed Blork the orc
  2300 | D:4      | Killed Blork the orc
  2301 | D:4      | Reached skill level 1 in Stealth
  2504 | D:4      | Reached skill level 7 in Unarmed Combat
  2562 | D:4      | You fall into a shaft and drop 3 floors!
  2562 | D:7      | Found a staircase to the Ecumenical Temple.
  2688 | D:5      | Entered Level 5 of the Dungeon
  2723 | D:4      | Noticed Sigmund
  2876 | D:4      | Noticed Duvessa
  2890 | D:4      | Killed Duvessa
  2891 | D:4      | Reached XP level 7. HP: 66/66 MP: 6/6
  2891 | D:4      | Noticed Dowan
  2905 | D:4      | Killed Dowan
  2906 | D:4      | Reached skill level 8 in Unarmed Combat
  3187 | D:4      | Killed Sigmund
  3323 | D:4      | Reached skill level 9 in Unarmed Combat
  3358 | D:5      | Noticed Menkaure
  3367 | D:5      | Reached skill level 1 in Throwing
  3375 | D:5      | Killed Menkaure
  3392 | D:4      | Reached XP level 8. HP: 51/74 MP: 7/7
  3501 | D:5      | Reached **** piety under Trog
  3564 | D:5      | Found a shadowy altar of Dithmenos.
  3764 | D:5      | Found Uvojialu's Antique Armour Boutique.
  3775 | D:5      | Reached skill level 10 in Unarmed Combat
  3997 | D:5      | Found an iron altar of Okawaru.
  4081 | D:5      | Reached skill level 1 in Evocations
  4086 | D:5      | Reached skill level 1 in Maces & Flails
  4229 | D:5      | Reached XP level 9. HP: 68/80 MP: 8/8
  4467 | D:6      | Found a broken altar of Ashenzari.
  4574 | D:6      | Found Begek's Antique Armour Boutique.
  5354 | D:6      | Reached skill level 11 in Unarmed Combat
  5502 | D:7      | Identified a scroll of acquirement
  5502 | D:7      | Acquired a manual of Unarmed Combat
  5623 | D:7      | Found a sacrificial altar of Ru.
  5712 | D:7      | Reached skill level 5 in Throwing
  6086 | D:7      | Reached skill level 12 in Unarmed Combat
  6129 | D:8      | Reached XP level 10. HP: 80/88 MP: 9/9
  6373 | D:8      | Found a staircase to the Lair.
  6384 | D:8      | Reached ***** piety under Trog
  6392 | D:8      | Reached skill level 13 in Unarmed Combat
  6470 | D:8      | Noticed a two-headed ogre
  6478 | D:8      | Killed a two-headed ogre
  7001 | D:8      | Found a glowing silver altar of Zin.
  7002 | D:8      | Noticed an angel
  7006 | D:8      | Found a shimmering altar of Xom.
  7163 | D:8      | Found a radiant altar of Vehumet.
  7807 | D:9      | Reached skill level 14 in Unarmed Combat
  7868 | D:9      | Reached skill level 5 in Maces & Flails
  7895 | D:9      | Noticed Maurice
  7942 | D:9      | Noticed Psyche
  7944 | D:9      | Killed Psyche
  7945 | D:9      | Reached XP level 11. HP: 89/94 MP: 10/10
  8017 | D:9      | Killed Maurice
  8103 | D:9      | Noticed Maggie
  8113 | D:9      | Killed Maggie
  8371 | D:9      | Identified the +9 morningstar of Riun {vorpal, Dex+2} (Trog
                  | gifted it to you on level 9 of the Dungeon)
  8371 | D:9      | Received a gift from Trog
  8513 | D:10     | Entered Level 10 of the Dungeon
  8513 | D:10     | Noticed a two-headed ogre
  8547 | D:10     | Found a hide-covered altar of Uskayaw.
  8578 | D:10     | Found an opulent altar of Gozag.
  8598 | D:10     | Found a basalt altar of Yredelemnul.
  8672 | D:10     | Found a hazy altar of Hepliaklqana.
  8773 | D:10     | Reached skill level 1 in Armour
  9143 | D:10     | Killed a two-headed ogre
  9144 | D:10     | Reached skill level 15 in Unarmed Combat
  9424 | D:11     | Noticed an orc knight
  9438 | D:11     | Killed an orc knight
  9439 | D:11     | Reached skill level 5 in Evocations
  9452 | D:11     | Found a staircase to the Orcish Mines.
  9641 | D:11     | Noticed a two-headed ogre
  9645 | D:11     | Killed a two-headed ogre
  9653 | D:11     | Noticed a boulder beetle
  9673 | D:11     | Killed a boulder beetle
  9755 | D:11     | Noticed a five-headed hydra
  9762 | D:11     | Killed a five-headed hydra
  9790 | D:11     | Found an ancient bone altar of Kikubaaqudgha.
 10034 | Lair:1   | Entered Level 1 of the Lair of Beasts
 10073 | Lair:1   | Reached XP level 12. HP: 96/104 MP: 11/11
 10594 | Lair:1   | Identified the +8 great mace of Disembowelment {vorpal,
                  | rPois Str+4} (Trog gifted it to you on level 1 of the Lair
                  | of Beasts)
 10594 | Lair:1   | Received a gift from Trog
 11914 | Lair:2   | Reached skill level 16 in Unarmed Combat
 11969 | Lair:2   | Noticed a catoblepas
 12007 | Lair:2   | Killed a catoblepas
 12253 | Lair:2   | Found a staircase to the Shoals.
 12743 | Lair:2   | Reached skill level 5 in Dodging
 12996 | Lair:3   | Found a runed translucent door.
 13127 | Lair:3   | Noticed a minotaur
 13133 | Lair:3   | Killed a minotaur
 13271 | Lair:3   | Reached XP level 13. HP: 110/110 MP: 12/12
 13280 | Lair:3   | Found a hole to the Spider Nest.
 14461 | Lair:4   | Found an iron altar of Okawaru.
 15306 | Lair:5   | Received a gift from Trog
 15336 | Lair:5   | Found a staircase to the Slime Pits.
 15570 | Lair:5   | Noticed Rupert
 15580 | Lair:5   | Mangled by Rupert

Illustrated notes

Levels and vault maps discovered:
D:1:      arrival_zaba_pyramid, layout_basic, basic_ecumenical_altar,
          minmay_tromino_v4_c
D:2:      layout_loops_ring, basic_altar, minmay_misc_feat_five,
          chequers_arboretum
D:3:      layout_basic, mainiacjoe_overflow_concentric_impassable,
          bloody_makhleb, uniq_terence
D:4:      layout_gridville, uniq_duvessa, uniq_blork_the_orc, uniq_ijyb,
          uniq_sigmund
D:5:      layout_basic, marbit_many_paths, mainiacjoe_overflow_small_starburst,
          serial_corexii_hall, corexii_hall_statues_t,
          chequers_hall_statues_wall_a, serial_shops, shop, uniq_menkaure
D:6:      layout_loops_ring, evilmike_ruin_ashenzari, serial_shops, shop
D:7:      layout_basic, nicolae_ru_great_annihilating_truth,
          minmay_temple_entry_offerings, hex_intersection,
          hangedman_minor_gate_pass
D:8:      layout_layer_cave, grunt_temple_overflow_order_and_chaos_1,
          lemuel_round_altar, erik_lair_island, minmay_alternating_orb
D:9:      layout_rooms, uniq_maurice, uniq_maggie, uniq_psyche
D:10:     layout_roguey, mainiacjoe_overflow_six_doors_small,
          kennysheep_mini_moat, lemuel_round_altar,
          nicolae_gozag_cash_rules_everything_around_me
D:11:     layout_rooms, david_orc_5, kiku_gazebo_garden_becter
Lair:1:   layout_cave_pods
Lair:2:   layout_regular_city, minmay_shoals_entry_beasts
Lair:3:   dreamdust_labyrinth, layout_small_grid, spider_nest_entry_webs,
          grunt_megastairs_3
Lair:4:   layout_regular_city, basic_altar, kennysheep_catoblepas_arena
Lair:5:   layout_long_grid, minmay_slime_entry_pillars, grunt_megastairs_4,
          uniq_rupert

Skill      XL: |  1  2  3  4  5  6  7  8  9 10 11 12 13 |
---------------+----------------------------------------+-----
Unarmed Combat | 4 5 6 7 9 10 12 14 15 16 | 16.8
Stealth        | 1 |  1.0
Throwing       | 2 4 5 6 7 8 |  8.8
Evocations     | 1 3 4 5 6 |  6.6
Maces & Flails | 1 3 5 7 8 9 |  9.6
Armour         | 2 4 |  4.9
Dodging        | 3 5 |  5.7
Fighting       | |  2.4

Action                   |  1- 3 |  4- 6 |  7- 9 | 10-12 | 13-15 || total
-------------------------+-------+-------+-------+-------+-------++-------
Melee: Unarmed           |    71 |   147 |   198 |   398 |   114 ||   928
       Punch             |       |     3 |    10 |    33 |    13 ||    59
       Whip              |       |       |    10 |       |       ||    10
       Morningstar       |       |       |       |    56 |       ||    56
       Great mace        |       |       |       |    76 |    40 ||   116
Throw: Dart              |       |     6 |    28 |    15 |       ||    49
       Throwing net      |       |     1 |       |       |       ||     1
       Stone             |       |       |     2 |    27 |       ||    29
       Boomerang         |       |       |    19 |   102 |       ||   121
Invok: Trog's Hand       |       |     1 |     4 |     5 |     4 ||    14
       Berserk           |       |       |     1 |     3 |     2 ||     6
       Brothers in Arms  |       |       |       |     1 |       ||     1
Evoke: Wand              |       |       |     3 |     3 |       ||     6
  Use: Scroll            |       |     3 |    11 |     9 |     2 ||    25
       Potion            |       |       |       |     1 |       ||     1
 Stab: Sleeping          |       |     1 |       |     1 |       ||     2
       Held in net/web   |       |     1 |       |       |       ||     1
       Paralysed         |       |       |     1 |       |       ||     1
Armor: Animal skin       |    16 |    29 |     1 |       |       ||    46
       Robe              |       |       |    88 |     4 |       ||    92
       Steam dragon scal |       |       |       |    20 |       ||    20
       Acid dragon scale |       |       |       |    65 |       ||    65
       Troll leather arm |       |       |       |    67 |    41 ||   108
Dodge: Dodged            |    29 |    66 |    98 |   192 |    65 ||   450
